Map: Blackburn LE

Players

Serral - Winner!

  • Race: Zerg Zerg
  • League: Master

TLHarstem (Harstem)

  • Race: Protoss Protoss
  • League: Master

VOD

Have the link to the VOD?

Description

Time

  • Played on: Oct. 21, 2021, 7:18 a.m.
  • Length: 11:34
Show
View Real Time Build Order
Export as new Build Order

Serral Zerg - Winner!

Build Orders: Hatch First 

Get SALT Encoding   

  12  0:00  Drone  
  13  0:12  Overlord  
  13  0:17  Drone  
  14  0:30  Drone x2  
  16  0:45  Drone  
  17  0:51  Hatchery  
  17  0:54  Drone  
  17  0:58  Drone  
  18  1:08  Extractor  
  17  1:13  Spawning Pool  
  17  1:16  Drone  
  17  1:20  Drone  
  18  1:27  Drone  
  19  1:38  Drone  
  20  1:49  Overlord  
  20  1:59  Queen  
  22  2:03  Queen  
  22  2:04  Zergling x4  
  26  2:10  Drone  
  26  2:12  Metabolic Boost  
  26  2:13  Drone  
  28  2:21  Drone  
  29  2:24  Drone  
  30  2:39  Queen  
  32  2:44  Hatchery  
  32  2:47  Drone, Zergling x2  
  33  2:54  Overlord  
  33  2:56  Drone  
  33  2:57  Drone  
  35  2:59  Drone  
  35  3:10  Overlord  
  35  3:13  Zergling x2  
  35  3:14  Drone x2  
  35  3:17  Drone x3  
  35  3:19  Drone  
  42  3:28  Queen  
  42  3:32  Drone  
  42  3:33  Spore Crawler  
  44  3:34  Drone x2  
  44  3:40  Queen  
  48  3:43  Overlord  
  48  3:46  Drone  
  49  3:49  Drone, Zergling x2  
  51  3:55  Queen  
  51  3:57  Overlord  
  51  4:00  Spore Crawler  
  52  4:04  Drone x3  
  52  4:08  Drone x2  
  57  4:12  Drone x3  
  60  4:19  Zergling x2  
  60  4:21  Drone x3  
  64  4:25  Overlord  
  64  4:27  Drone x2  
  64  4:30  Drone  
  67  4:33  Spore Crawler  
  67  4:35  Overlord  
  67  4:36  Drone  
  67  4:42  Drone, Evolution Chamber  
  67  4:43  Drone  
  69  4:45  Drone  
  69  4:46  Drone x2, Spore Crawler  
  69  4:49  Lair  
  69  4:51  Extractor  
  69  4:52  Extractor  
  69  4:53  Zergling x4  
  69  4:54  Drone  
  69  4:56  Drone  
  69  4:57  Drone  
  74  5:00  Drone  
  74  5:05  Drone x3  
  80  5:08  Overlord  
  80  5:09  Drone  
  80  5:12  Extractor  
  80  5:17  Extractor x2  
  80  5:20  Evolution Chamber  
  80  5:21  Drone, Hatchery  
  76  5:26  Drone  
  76  5:27  Drone, Roach Warren  
  78  5:29  Drone x4  
  78  5:32  Drone x3  
  78  5:34  Overlord  
  83  5:35  Drone  
  83  5:36  Drone x2  
  83  5:38  Drone  
  83  5:44  Drone x2  
  83  5:49  Spire  
  84  5:50  Overseer  
  84  5:53  Zerg Missile Weapons Level 1  
  84  5:55  Drone  
  84  5:56  Drone x2  
  87  5:59  Overlord  
  87  6:01  Overlord  
  87  6:06  Glial Reconstitution  
  87  6:08  Roach  
  87  6:10  Roach x2  
  95  6:11  Roach  
  95  6:15  Roach  
  97  6:20  Overlord  
  97  6:21  Drone x5  
  97  6:24  Overseer, Roach  
  104  6:29  Roach x3  
  110  6:35  Roach x3  
  115  6:47  Drone x5  
  115  6:48  Drone x3, Extractor  
  115  6:50  Overlord  
  115  6:51  Queen  
  115  6:53  Extractor  
  123  6:55  Overlord  
  123  7:01  Overlord x3  
  123  7:04  Baneling Nest, Overlord  
  122  7:11  Mutalisk x4  
  122  7:12  Mutalisk x2  
  122  7:14  Mutalisk  
  122  7:15  Mutalisk  
  136  7:18  Zerg Flyer Weapons Level 1  
  138  7:28  Mutalisk, Infestation Pit  
  138  7:29  Mutalisk  
  141  7:34  Drone, Overlord  
  141  7:35  Mutalisk  
  141  7:36  Mutalisk  
  146  7:38  Overlord  
  146  7:43  Mutalisk  
  148  7:46  Overlord  
  148  7:47  Overlord  
  148  7:50  Mutalisk x2  
  152  7:56  Zerg Melee Weapons Level 1  
  150  8:06  Mutalisk  
  150  8:07  Mutalisk x2  
  150  8:10  Hatchery  
  150  8:12  Drone x6  
  161  8:17  Hive  
  161  8:21  Centrifugal Hooks  
  161  8:22  Evolution Chamber  
  161  8:26  Roach x4  
  168  8:28  Zergling x24  
  180  8:36  Ravager x3  
  180  8:41  Roach x4  
  191  8:48  Zerg Missile Weapons Level 2  
  191  8:57  Roach x5  
  197  9:04  Drone  
  197  9:05  Drone  
  197  9:06  Baneling x11  
  199  9:17  Baneling x9  
  197  9:30  Greater Spire  
  197  9:32  Spore Crawler  
  197  9:33  Extractor x2  
  197  9:34  Spine Crawler  
  197  9:35  Adrenal Glands, Spine Crawler  
  197  9:36  Drone x2, Spine Crawler  
  197  9:37  Drone x4  
  197  9:39  Drone x2  
  199  9:47  Spine Crawler  
  199  9:50  Baneling x5  
  198  10:07  Spore Crawler  
  187  10:21  Corruptor x4  
  187  10:22  Corruptor x2  
  168  10:37  Roach x15  
  168  10:38  Overlord x3  
  168  10:40  Overlord  
  194  10:46  Roach x2  
  194  10:47  Roach x2  
  194  10:49  Baneling  
  189  10:50  Baneling  
  189  10:56  Roach  
  189  10:57  Roach x5  
Show
View Real Time Build Order
Export as new Build Order

TLHarstem Protoss 

Build Orders: 1 Gate Expand, Oracle Opening, Zealot Archon 

Get SALT Encoding   

  12  0:00  Probe  
  13  0:12  Probe  
  14  0:20  Pylon  
  14  0:24  Probe  
  15  0:38  Probe (Chrono Boost)  
  15  0:41  Gateway  
  16  0:47  Probe (Chrono Boost)  
  17  0:52  Probe, Assimilator  
  18  1:04  Probe  
  19  1:16  Probe  
  20  1:27  Nexus  
  20  1:38  Cybernetics Core  
  20  1:41  Probe  
  21  1:48  Assimilator  
  21  1:53  Probe  
  22  1:57  Pylon  
  22  2:05  Probe  
  23  2:12  Adept (Chrono Boost)  
  25  2:18  Probe  
  25  2:22  Stargate  
  26  2:30  Probe (Chrono Boost)  
  26  2:32  Warp Gate  
  26  2:35  Adept (Chrono Boost)  
  27  2:41  Probe (Chrono Boost)  
  27  2:43  Probe (Chrono Boost)  
  31  2:45  Probe (Chrono Boost)  
  31  2:50  Probe  
  33  2:56  Probe  
  33  2:57  Adept  
  36  3:03  Probe  
  37  3:06  Oracle (Chrono Boost)  
  37  3:08  Probe  
  41  3:14  Pylon  
  41  3:15  Probe  
  41  3:19  Gateway  
  42  3:22  Probe  
  43  3:27  Probe  
  44  3:37  Oracle  
  44  3:38  Probe  
  44  3:39  Probe  
  49  3:44  Pylon  
  49  3:51  Probe  
  50  3:56  Nexus  
  50  3:58  Probe  
  51  4:03  Probe  
  52  4:10  Probe, Assimilator  
  52  4:13  Oracle (Chrono Boost), Assimilator  
  52  4:15  Probe  
  57  4:22  Probe  
  58  4:27  Probe, Pylon  
  58  4:28  Robotics Facility  
  58  4:31  Adept  
  61  4:34  Probe  
  62  4:39  Pylon  
  63  4:45  Probe (Chrono Boost)  
  63  4:46  Probe (Chrono Boost)  
  63  4:49  Shield Battery, Sentry  
  66  4:53  Pylon  
  66  4:56  Probe x2 (Chrono Boost)  
  68  5:00  Forge  
  68  5:01  Probe (Chrono Boost)  
  68  5:02  Probe (Chrono Boost)  
  70  5:10  Probe (Chrono Boost)  
  73  5:17  Gateway, Immortal (Chrono Boost)  
  73  5:18  Probe x2 (Chrono Boost)  
  73  5:20  Sentry, Probe (Chrono Boost)  
  80  5:21  Sentry  
  80  5:24  Probe (Chrono Boost)  
  80  5:25  Probe (Chrono Boost)  
  80  5:26  Probe  
  85  5:28  Assimilator  
  85  5:31  Assimilator  
  85  5:36  Probe  
  85  5:37  Probe  
  85  5:38  Probe  
  88  5:45  Protoss Ground Weapons Level 1 (Chrono Boost)  
  88  5:47  Pylon  
  88  5:48  Probe  
  88  5:49  Probe, Pylon  
  90  5:50  Sentry, Zealot  
  90  5:51  Probe  
  90  5:54  Observer (Chrono Boost)  
  90  5:56  Phoenix  
  98  5:58  Pylon  
  98  6:00  Probe  
  98  6:01  Probe  
  98  6:03  Robotics Bay  
  100  6:10  Probe  
  101  6:12  Gateway x2  
  101  6:19  Probe  
  101  6:21  Gateway  
  101  6:23  Twilight Council  
  102  6:26  Gateway  
  102  6:28  Photon Cannon  
  102  6:39  Probe  
  100  6:43  Probe  
  100  6:46  Probe  
  101  6:50  Disruptor (Chrono Boost)  
  101  6:52  Probe  
  101  6:53  Gateway  
  105  6:57  Gateway  
  105  6:58  Gateway  
  105  7:02  Charge (Chrono Boost)  
  105  7:06  Templar Archives  
  105  7:09  Gateway  
  105  7:11  Gateway  
  105  7:16  Phoenix (Chrono Boost)  
  105  7:18  Shield Battery  
  105  7:20  Nexus  
  105  7:22  Pylon  
  107  7:23  Probe  
  107  7:24  Probe  
  107  7:29  Shield Battery  
  109  7:30  Pylon  
  109  7:31  Probe  
  109  7:34  Phoenix (Chrono Boost), Photon Cannon  
  109  7:35  Probe  
  113  7:38  Probe  
  113  7:43  Shield Battery, Probe  
  113  7:44  High Templar x4, Photon Cannon  
  119  7:45  High Templar  
  119  7:47  High Templar  
  119  7:48  Archon x2, Pylon  
  127  7:52  Protoss Ground Weapons Level 2 (Chrono Boost)  
  127  7:54  Probe  
  127  7:55  Archon  
  127  7:56  Phoenix, Assimilator  
  130  8:02  Probe x2  
  127  8:06  Probe  
  127  8:13  Assimilator  
  127  8:14  Probe  
  128  8:20  Probe  
  128  8:21  Phoenix (Chrono Boost)  
  128  8:23  Photon Cannon  
  128  8:26  Probe  
  132  8:28  Protoss Air Weapons Level 1 (Chrono Boost)  
  133  8:34  Photon Cannon  
  133  8:39  High Templar x2, Photon Cannon  
  133  8:40  Zealot x5  
  133  8:41  Phoenix (Chrono Boost), Photon Cannon  
  147  8:42  Pylon  
  147  8:44  Archon  
  147  8:46  Pylon  
  148  8:51  Zealot x3  
  150  9:01  Phoenix (Chrono Boost)  
  152  9:03  High Templar x2  
  152  9:04  Zealot x4  
  152  9:08  Pylon  
  164  9:12  Archon  
  164  9:19  Phoenix (Chrono Boost)  
  164  9:21  High Templar x2  
  164  9:23  Warp Prism (Chrono Boost)  
  170  9:27  Zealot x6  
  170  9:31  Archon  
  184  9:36  Probe  
  184  9:37  Pylon  
  185  9:40  Pylon  
  185  9:41  Pylon  
  185  9:43  Photon Cannon  
  185  9:45  High Templar  
  185  9:55  Observer  
  185  9:57  High Templar x3  
  192  10:02  Archon  
  192  10:03  Archon  
  192  10:12  Zealot x3, High Templar x2  
  199  10:14  Probe  
  199  10:18  Probe  
  199  10:19  Shield Battery  
  199  10:23  Archon  
  199  10:26  Zealot x2  
  173  10:38  Zealot x7  
  173  10:39  Zealot  
  173  10:40  Immortal  
  181  10:47  High Templar  
  181  10:48  High Templar x3  
  183  10:50  Probe  
  183  10:51  Archon  
  183  10:52  Archon  
  184  10:57  Probe  
  184  11:03  High Templar x2  
  189  11:06  Zealot x5  
  189  11:08  Archon  
  189  11:15  Zealot  
  157  11:21  Zealot x4  
  131  11:28  Zealot x5  
Tags
 
Add a new tag
Caveats
  • Supply blocks, unpowered buildings, or Contaminate may cause inaccurate times.
  • Supply counts are checked every 10 seconds.